 Dungeon Crawl Stone Soup version 0.31-a0-192-ga50d7bf3bb (webtiles) character file.

Game seed: 12219385375132521920

116 qw the Skirmisher (level 4, -3/25 HPs)
             Began as a Deep Elf Hunter on June 23, 2023.
             Slain by a gnoll
             ... wielding a +0 flail
              (7 damage)
             ... on level 3 of the Dungeon.
             The game lasted 00:00:32 (1285 turns).

qw the Skirmisher (Deep Elf Hunter)                 Turns: 1285, Time: 00:00:33

Health: -3/25      AC:  6    Str: 10    XL:     4   Next: 70%
Magic:  6/6        EV: 12    Int: 14    God:
Gold:   152        SH:  0    Dex: 18    Spells: 3/3 levels left

rFire   . . .        Y - +0 shortbow
rCold   . . .        (shield currently unavailable)
rNeg    + . .        c - +0 leather armour
rPois   .            (no helmet)
rElec   .            g - +0 cloak
rCorr   .            e - +1 pair of gloves
SInv    .            (no boots)
Will    .....        (no amulet)
Stlth   ++           d - ring of positive energy
HPRegen 0.24/turn    (no ring)
MPRegen 0.10/turn

%: no passive effects
@: no status effects
A: no striking features
a: no special abilities


You were on level 3 of the Dungeon.
You visited 1 branch of the dungeon, and saw 3 of its levels.

You collected 152 gold pieces.


   Skills:
 - Level 1.5 Fighting
 + Level 8.1 Ranged Weapons
 - Level 2.4 Dodging
 - Level 1.2 Stealth


You had 3 spell levels left.
You didn't know any spells.
Your spell library was empty.

Inventory:

Hand Weapons
 Y - a +0 shortbow (weapon)
Armour
 c - a +0 leather armour (worn)
 e - a +1 pair of gloves (worn)
 g - a +0 cloak (worn)
Jewellery
 d - a ring of positive energy (left hand)
Scrolls
 a - a scroll of identify
Potions
 f - a potion of lignification {unknown}

Dungeon Overview and Level Annotations

Branches:
Dungeon (3/15)

Altars:

Shops:
D:2 (


Message History

You hear a shout!
A gnoll comes into view. It is wielding a +0 flail.
You shoot an arrow. The arrow hits the gnoll.
The gnoll is almost dead.
The gnoll barely misses you. The gnoll closely misses you.
You shoot an arrow. The arrow hits the gnoll.
You kill the gnoll!
Your Ranged Weapons skill increases to level 8!
You shoot an arrow. The arrow hits the gnoll.
The gnoll is moderately wounded.
A gnoll comes into view. It is wielding a +0 flail.
The gnoll closely misses you.
You shoot an arrow. The arrow hits the gnoll.
The gnoll is severely wounded.
You hear a shout!
The gnoll hits you with a +0 flail! The gnoll hits you with a +0 flail.
1278 ||| DRINKING potion of heal wounds.
You feel much better. The gnoll hits you with a +0 flail! The gnoll misses you.
You shoot an arrow. The arrow hits the gnoll!
You kill the gnoll!
The gnoll hits you with a +0 flail.
You shoot an arrow. The arrow barely misses the gnoll.
You hear an angry hiss.
The gnoll hits you but does no damage.
A kobold comes into view. It is wielding a +0 dagger.
You shoot an arrow. The arrow closely misses the gnoll.
The kobold shouts!
The gnoll barely misses you.
You shoot an arrow. The arrow closely misses the gnoll.
The gnoll hits you with a +0 flail.
You shoot an arrow. The arrow hits the gnoll!
The gnoll is heavily wounded.
The gnoll hits you with a +0 flail.
You shoot an arrow. The arrow barely misses the gnoll.
The gnoll misses you.
You shoot an arrow. The arrow hits the gnoll.
The gnoll is almost dead.
The gnoll hits you with a +0 flail!
You die...

# .# #
.#.# ....
###..##
#)gK..#
######@#
#...##.#
#...##.#
+...'..#
##...####
#....<#
#....##
#....+
##...#


You could see a gnoll and a kobold.

Vanquished Creatures
  Jessica (D:3)
  3 gnolls (D:3)
  2 adders (D:2)
  A worm (D:2)
  4 ball pythons
  2 endoplasms (D:1)
  A giant cockroach (D:1)
  5 hobgoblins
  3 jackals (D:2)
  3 quokkas
  3 bats
  3 frilled lizards
  6 goblins
  3 kobolds
40 creatures vanquished.

Notes
Turn   | Place    | Note
-------+----------+-------------------------------------------
     0 | D:1      | qw the Deep Elf Hunter began the quest for the Orb.
     0 | D:1      | Reached XP level 1. HP: 12/12 MP: 3/3
     0 | D:1      | 0 ||| qw: Version: 0.3-a-9-g12657ce
     0 | D:1      | 0 ||| qw: Game counter: 4558
     0 | D:1      | 0 ||| qw: Always use a shield: true
     0 | D:1      | 0 ||| qw: God list: Okawaru
     0 | D:1      | 0 ||| qw: Allow faded altars: false
     0 | D:1      | 0 ||| qw: Do Orc after D:15 true
     0 | D:1      | 0 ||| qw: Do second Lair branch before Depths: true
     0 | D:1      | 0 ||| qw: Lair rune preference: random
     0 | D:1      | 0 ||| qw: Plans: Normal
     0 | D:1      | 0 ||| PLANNING D:1-11
   132 | D:1      | Reached skill level 6 in Ranged Weapons
   132 | D:1      | Reached XP level 2. HP: 16/16 MP: 4/4
   174 | D:1      | 174 ||| UPGRADING to ring of positive energy.
   208 | D:1      | 208 ||| FLEEEEING.
   477 | D:1      | You fall into a shaft and drop 1 floor!
   485 | D:2      | Found Lefehoxe's Antique Weapon Emporium.
   497 | D:2      | 497 ||| SHOPLISTING glowing shortbow (144 gold, have 70).
   561 | D:2      | 561 ||| UPGRADING to +0 cloak.
   566 | D:2      | 566 ||| READING 2 scrolls labelled KELIUL MARO.
   567 | D:2      | 567 ||| READING scroll labelled CEIF EVEOLUCUE.
   568 | D:2      | 568 ||| DRINKING 2 brown potions.
   569 | D:2      | 569 ||| DROPPING scroll of butterflies.
   623 | D:1      | Reached XP level 3. HP: 20/20 MP: 5/5
   727 | D:1      | 727 ||| READING scroll labelled AGHOROGEAP.
   838 | D:2      | Reached skill level 7 in Ranged Weapons
  1202 | D:2      | 1202 ||| UPGRADING to +1 pair of gloves.
  1207 | D:2      | 1207 ||| READING scroll labelled ACRODA PAZOFF.
  1254 | D:3      | Noticed Jessica
  1268 | D:3      | Killed Jessica
  1269 | D:3      | Reached XP level 4. HP: 19/25 MP: 6/6
  1276 | D:3      | Reached skill level 8 in Ranged Weapons
  1277 | D:3      | HP: 5/25 [gnoll/+0 flail (5)]
  1278 | D:3      | 1278 ||| DRINKING potion of heal wounds.
  1283 | D:3      | HP: 3/25 [gnoll/+0 flail (5)]
  1285 | D:3      | Slain by a gnoll

Levels and vault maps discovered:
D:1:      scummos_arrival_gate, layout_basic, serial_bayou_pond_e,
          grunt_decor_resistance
D:2:      layout_basic, serial_shops, shop, minmay_misc_feat_roman
D:3:      layout_basic, nicolae_overflow_hidden_temple, uniq_jessica,
          uniq_sigmund, uniq_terence

Skill      XL: |  1  2  3  4 |
---------------+-------------+-----
Ranged Weapons | 6 7 8 |  8.1
Fighting       | |  1.5
Dodging        | |  2.4
Stealth        | |  1.2

Action                     |  1- 3 |  4- 6 || total
---------------------------+-------+-------++-------
   Fire: Shortbow          |   107 |    16 ||   123
    Use: Scroll            |     4 |       ||     4
         Potion            |     1 |     1 ||     2
 Armour: Leather armour    |     1 |     2 ||     3
  Dodge: Dodged            |    31 |     7 ||    38

Table legend:
 A = Non-vault XP
 B = Vault XP
 C = Vault XP percentage of total XP
 D = Non-vault monster count
 E = Vault monster count
 F = Vault count percentage of total count
                 A         B        C        D         E       F
            +---------+---------+-------+---------+---------+-------
      Total |     130 |      37 |  22.2 |      39 |       1 |   2.5
            +---------+---------+-------+---------+---------+-------
        D:1 |      36 |       0 |   0.0 |      21 |       0 |   0.0
        D:2 |      52 |       0 |   0.0 |      15 |       0 |   0.0
        D:3 |      42 |      37 |  46.8 |       3 |       1 |  25.0
            +---------+---------+-------+---------+---------+-------
